Match 30917467
Unlisted

Match 30917467
End
Selects Airborne Battlegroup
Selects Heavy Machine Gun Paradrop
Heavy Machine Gun Paradrop
Engineer Squad
Heavy Machine Gun Paradrop
Infantry Support Center
Construct Medical Station
Selects Paratrooper Squad Paradrop
Paratrooper Squad Paradrop
Paratrooper Squad Paradrop
Construct Barracks
M1 Mortar Team
Selects Anti-tank Gun Team Paradrop
Anti-tank Gun Team Paradrop
Engineer Squad
Construct Tank Depot
Anti-tank Gun Team Paradrop
Paratrooper Squad Paradrop
Paratrooper Squad Paradrop
Nukepapa
stunta
JellyMarine
Spokesman of Insanity
0
0

Comments sign in to comment!

No comments posted yet!